 Dungeon Crawl Stone Soup version 0.28.0-53-g5a82cb258f (webtiles) character file.

Game seed: 14332062378627808450

9695 Gabide the Black Belt (level 11, -4/58 HPs)
             Began as a Vine Stalker Monk on May 25, 2022.
             Was an Elder of Trog.
             Shot with an arrow by a centaur warrior (15 damage)
             ... on level 9 of the Dungeon.
             The game lasted 00:21:37 (8334 turns).

Gabide the Black Belt (Vine Stalker Monk)           Turns: 8334, Time: 00:21:37

Health: -4/58      AC:  4    Str: 13    XL:     11   Next: 50%
Magic:  0/21       EV: 17    Int: 10    God:    Trog [****..]
Gold:   412        SH:  0    Dex: 22    Spells: 10/10 levels left

rFire   . . .      SeeInvis .     - Unarmed
rCold   . . .      Faith    .   (no shield)
rNeg    . . .      Spirit   +   n - +0 leather armour
rPois   .          Reflect  .   I - +0 helmet
rElec   .          Harm     .   (no cloak)
rCorr   .          Rampage  .   (no gloves)
Will    +....                   (no boots)
Stlth   ++........              (no amulet)
HPRegen 0.99/turn               G - ring of magical power
MPRegen 0.17/turn               i - +4 ring of evasion

@: no status effects
A: fangs 3, regeneration 1, magic shield, antimagic bite, no potion heal 2
a: Renounce Religion, Berserk, Trog's Hand, Brothers in Arms


You were on level 9 of the Dungeon.
You worshipped Trog.
Trog was greatly pleased with you.
You visited 1 branch of the dungeon, and saw 9 of its levels.
You also visited: Bailey.

You collected 412 gold pieces.

Inventory:

Armour
 n - a +0 leather armour (worn)
 q - the +0 chain mail of Dafrub {rPois rN+++ rCorr Dex-2}
   (You found it on level 5 of the Dungeon)

   Dex:       It affects your dexterity (-2).
   rPois:     It protects you from poison.
   rN:        It renders you almost immune to negative energy.
   rCorr:     It protects you from acid and corrosion.
 I - a +0 helmet (worn)
Jewellery
 e - a ring of flight
 f - a ring of poison resistance
 i - a +4 ring of evasion (right hand)
 l - a ring of resist corrosion
 m - a +4 ring of protection
 C - a ring of protection from fire
 G - a ring of magical power (left hand)
 H - a +6 ring of intelligence
Wands
 o - a wand of paralysis (5)
 p - a wand of iceblast (13)
 y - a wand of flame (24)
Scrolls
 a - a scroll of vulnerability {unknown}
 b - 3 scrolls of enchant weapon
 s - 3 scrolls of holy word
 u - a scroll of noise
 v - a scroll of silence {unknown}
 w - 5 scrolls of fear
 x - 2 scrolls of blinking
 F - a scroll of teleportation
Potions
 c - 3 potions of haste
 d - 6 potions of curing
 g - a potion of magic
 h - a potion of might
 j - 2 potions of lignification
 k - a potion of degeneration
 r - 2 potions of flight
 t - 3 potions of resistance {unknown}
 z - a potion of invisibility {unknown}
 A - 2 potions of heal wounds {unknown}
 B - a potion of berserk rage {unknown}
 D - a potion of cancellation {unknown}
 E - 2 potions of experience {unknown}


   Skills:
 + Level 7.6 Fighting
 - Level 2.4 Dodging
 - Level 2.4 Stealth
 - Level 16.0 Unarmed Combat


You had 10 spell levels left.
You didn't know any spells.
Your spell library contained the following spells:

 Spells                   Type           Power      Damage    Failure   Level
 Ensorcelled Hibernation  Hex/Ice        0%         N/A       58%         2
 Spider Form              Tmut/Pois      0%         N/A       82%         3
 Anguish                  Hex/Necr       0%         N/A       99%         4


Dungeon Overview and Level Annotations

Branches:
Dungeon (9/15)             Temple (0/1) D:7            Lair (0/6) D:8
 Bailey (visited)
    Orc: D:9-12

Altars:
Nemelex Xobeh
Trog

Shops:
D:4 (   D:9 (

Annotations:
D:8 1 runed translucent door


Innate Abilities, Weirdness & Mutations

You have razor-sharp teeth.
Your natural rate of healing is unusually fast.
When hurt, damage is shared between your health and your magic reserves.
Your bite disrupts and absorbs the magic of your enemies.
Potions cannot restore your health.


Message History

You are too injured to fight recklessly!
You are too injured to fight recklessly!
You are too injured to fight recklessly!
You are too injured to fight recklessly!
You are too injured to fight recklessly!
You are too injured to fight recklessly!
You are too injured to fight recklessly!
You are too injured to fight recklessly!
You are too injured to fight recklessly!
You are too injured to fight recklessly!
You are too injured to fight recklessly!
You are too injured to fight recklessly!
You are too injured to fight recklessly!
You are too injured to fight recklessly!
You are too injured to fight recklessly!
You are too injured to fight recklessly!
You are too injured to fight recklessly!
You are too injured to fight recklessly!
You are too injured to fight recklessly!
Unknown command.
Your ogre goes berserk!
Trog will no longer gift you weapons. The water moccasin closely misses you.
The two-headed ogre hits you with a +0 giant club!
* * * LOW HITPOINT WARNING * * *
The two-headed ogre misses you.
The water moccasin completely misses you.
The centaur warrior unwields a +0 longbow.
The centaur warrior hits you!
* * * LOW HITPOINT WARNING * * *
The centaur warrior kicks you but does no damage.
Your ogre misses the water moccasin.
The water moccasin bites you but does no damage.
The centaur warrior barely misses you. x2
Your ogre hits the water moccasin with a +0 giant club!!!
The water moccasin dies!
Trog accepts your kill.
The centaur warrior wields a +0 longbow.
The centaur warrior shoots an arrow.
The arrow hits you!!
You die...

....##...##
##........#
#........#
####.......)#
............#
............#
............#
............#
.......@...##
##.........#
#....Oc...#
#....O....#
#......)...#
#..........#
............#
........_..##
......>....#


You could see a centaur warrior, a two-headed ogre and a friendly ogre
(summoned, berserk).

Vanquished Creatures
  A vault guard (Bailey)
  A two-headed ogre (D:8)
  Pikel (D:5)
  Psyche (D:8)
  Sigmund (D:3)
  2 wyverns (D:8)
  Grum (D:8)
  3 hogs (D:7)
  4 humans
  3 basilisks (D:8)
  A yak (D:7)
  Menkaure (D:6)
  3 water moccasins
  3 orc warriors
  A sky beast (D:6)
  A black bear (D:7)
  2 necrophages
  4 ogres
  8 wolves (D:8)
  9 bullfrogs
  A gnoll sergeant (D:5)
  A scorpion (D:8)
  9 wights
  6 killer bees (D:5)
  3 howler monkeys
  A bullfrog zombie (D:6)
  2 gnoll shamans
  2 bullfrog skeletons
  4 hounds
  2 orc priests (D:7)
  5 orc wizards
  A hound zombie (D:5)
  4 howler monkey zombies
  10 gnolls
  6 adders
  A white imp (D:6)
  3 ufetubi
  3 adder skeletons
  4 worms
  17 orcs
  4 endoplasms
  5 giant cockroaches
  12 goblins
  6 hobgoblins
  A jackal (D:2)
  3 quokkas
  5 ball pythons
  5 bats
  4 frilled lizards
  11 kobolds
  6 rats
198 creatures vanquished.

Vanquished Creatures (collateral kills)
  A vault guard (Bailey)
  A blink frog (Bailey)
  Grinder (D:4)
  A water moccasin (D:9)
  5 bullfrogs (Bailey)
  An orc (D:4)
  A goblin (Bailey)
11 creatures vanquished.

Vanquished Creatures (others)
  A fungus (D:8)
  12 plants (D:8)
13 creatures vanquished.

Grand Total: 222 creatures vanquished

Notes
Turn   | Place    | Note
-------+----------+-------------------------------------------
     0 | D:1      | Gabide the Vine Stalker Monk began the quest for the Orb.
     0 | D:1      | Reached XP level 1. HP: 11/11 MP: 2/2
   321 | D:1      | Reached XP level 2. HP: 9/16 MP: 3/3
   764 | D:1      | Found a faded altar of an unknown god.
   806 | D:1      | Prayed at the altar of an unknown god.
   806 | D:1      | Became a worshipper of Trog the Wrathful
   806 | D:1      | Reached * piety under Trog
   806 | D:1      | Reached ** piety under Trog
   973 | D:1      | Reached skill level 4 in Unarmed Combat
  1159 | D:2      | Reached XP level 3. HP: 18/19 MP: 2/4
  1199 | D:2      | Reached *** piety under Trog
  2463 | D:3      | Gained mutation: Your natural rate of healing is unusually
                  | fast. [Vine Stalker growth]
  2463 | D:3      | Reached XP level 4. HP: 11/23 MP: 5/5
  2604 | D:3      | Noticed Sigmund
  2615 | D:3      | Killed Sigmund
  2616 | D:3      | Reached skill level 6 in Unarmed Combat
  2616 | D:3      | Reached XP level 5. HP: 27/27 MP: 6/6
  2621 | D:3      | Reached XP level 6. HP: 32/32 MP: 7/7
  2958 | D:4      | Noticed a necrophage
  2979 | D:4      | Killed a necrophage
  2980 | D:4      | Reached skill level 7 in Unarmed Combat
  3162 | D:4      | Found Juugut's Antique Weapon Shoppe.
  3204 | D:4      | Reached XP level 7. HP: 22/35 MP: 5/8
  3207 | D:4      | Noticed Grinder
  3339 | D:3      | Reached **** piety under Trog
  3375 | D:3      | Reached skill level 8 in Unarmed Combat
  3497 | D:4      | Killed Grinder
  3911 | D:4      | Reached skill level 9 in Unarmed Combat
  4064 | D:5      | Entered Level 5 of the Dungeon
  4133 | D:5      | Gained mutation: You have razor-sharp teeth. [Vine Stalker
                  | growth]
  4133 | D:5      | Reached XP level 8. HP: 34/39 MP: 6/9
  4184 | D:5      | Identified the +0 chain mail of Dafrub {rPois rN+++ rCorr
                  | Dex-2}
  4668 | D:5      | Reached skill level 10 in Unarmed Combat
  5123 | D:6      | Noticed Pikel
  5136 | D:5      | Killed Pikel
  5137 | D:5      | Reached skill level 11 in Unarmed Combat
  5137 | D:5      | Reached XP level 9. HP: 38/43 MP: 7/10
  5290 | D:6      | Reached skill level 12 in Unarmed Combat
  5395 | D:6      | Noticed Menkaure
  5404 | D:6      | Killed Menkaure
  6347 | D:7      | Found a flagged portal.
  6369 | D:7      | Reached skill level 13 in Unarmed Combat
  6374 | Bailey   | Entered a bailey
  6494 | Bailey   | Reached skill level 14 in Unarmed Combat
  6494 | Bailey   | Reached XP level 10. HP: 8/47 MP: 1/11
  6689 | Bailey   | Noticed a vault guard
  6698 | Bailey   | Killed a vault guard
  6737 | Bailey   | Noticed a vault guard
  6759 | Bailey   | Killed a vault guard
  6760 | Bailey   | Reached skill level 15 in Unarmed Combat
  7065 | D:7      | Found a staircase to the Ecumenical Temple.
  7187 | D:7      | Reached skill level 16 in Unarmed Combat
  7404 | D:8      | Reached XP level 11. HP: 43/49 MP: 12/12
  7450 | D:8      | Noticed a two-headed ogre
  7460 | D:8      | Killed a two-headed ogre
  7461 | D:8      | Reached skill level 5 in Fighting
  7535 | D:8      | Found a runed translucent door.
  7535 | D:8      | Noticed a sixfirhy
  7724 | D:8      | Noticed Grum
  7735 | D:8      | Killed Grum
  7752 | D:8      | Reached ***** piety under Trog
  7768 | D:8      | Noticed Psyche
  7780 | D:8      | Killed Psyche
  7901 | D:8      | Found a staircase to the Lair.
  8301 | D:9      | Found Femp's Weapon Shoppe.
  8322 | D:9      | Found a sparkling altar of Nemelex Xobeh.
  8323 | D:9      | Noticed a centaur warrior
  8323 | D:9      | Noticed a two-headed ogre
  8334 | D:9      | Shot with an arrow by a centaur warrior

Illustrated notes

Levels and vault maps discovered:
D:1:      dpeg_arrival_circle_labyrinth_a, layout_basic,
          hellmonk_ecumenical_altar_lost_god, minmay_hexomino_u4
D:2:      kennysheep_big_flooded_room, layout_loops_ring, st_stairs_13,
          minivault_27, chequers_arboretum, grunt_decor_one_mirror
D:3:      layout_loops_cross, uniq_sigmund
D:4:      layout_cave_pools, serial_shops, kennysheep_mini_moat,
          chequers_serial_rivers_small_3, kennysheep_generic_room_15,
          uniq_grinder
D:5:      layout_loops_ring
D:6:      minmay_klotski, layout_basic, uniq_prince_ribbit1, uniq_pikel,
          uniq_menkaure
D:7:      layout_basic, minmay_temple_entry_proselytizer, enter_bailey_3,
          grunt_livestock
D:8:      cheibrodos_shockbox, layout_loops_ring, minmay_lair_entry_grove,
          uniq_grum, uniq_psyche
D:9:      layout_irregular_city, nicolae_yredelemnul_corpse_copse, serial_shops,
          nicolae_shop_bloodbath_and_beyond, hangedman_feature_mirror,
          uniq_harold

Skill      XL: |  1  2  3  4  5  6  7  8  9 10 11 |
---------------+----------------------------------+-----
Unarmed Combat | 4 6 7 9 11 14 16 | 16.0
Fighting       | 3 7 |  7.6
Dodging        | |  2.4
Stealth        | |  2.4

Action                   |  1- 3 |  4- 6 |  7- 9 | 10-12 || total
-------------------------+-------+-------+-------+-------++-------
Melee: Unarmed           |   111 |    69 |   262 |   259 ||   701
       Bite              |    19 |    25 |    71 |    86 ||   201
       Punch             |     4 |     3 |    24 |    36 ||    67
Throw: Throwing net      |       |     2 |     2 |       ||     4
       Boomerang         |       |       |     3 |       ||     3
       Dart              |       |       |     6 |     9 ||    15
Invok: Trog's Hand       |       |     1 |     1 |     2 ||     4
       Berserk           |       |     1 |       |     1 ||     2
       Brothers in Arms  |       |       |     1 |     2 ||     3
Evoke: Wand              |       |       |     2 |     5 ||     7
  Use: Scroll            |     6 |       |     6 |     1 ||    13
 Stab: Sleeping          |     4 |     1 |     4 |     2 ||    11
       Held in net/web   |       |     2 |       |       ||     2
       Invisible         |       |       |     1 |       ||     1
       Distracted        |       |       |     1 |       ||     1
       Paralysed         |       |       |       |     4 ||     4
Armor: Robe              |    12 |     7 |     2 |       ||    21
       Leather armour    |       |       |    25 |    19 ||    44
Dodge: Dodged            |    67 |    59 |   263 |   161 ||   550
